 Dungeon Crawl Stone Soup version 0.29-a0-397-g846e4a0bbc (webtiles) character file.

Game seed: 4738441771185924817

21 oldriver the Skirmisher (level 2, 0/25 HPs)
             Began as a Palentonga Abyssal Knight on May 12, 2022.
             Was a Believer of Lugonu.
             Succumbed to a goblin's poison
             ... on level 1 of the Dungeon.
             The game lasted 00:00:54 (598 turns).

oldriver the Skirmisher (Palentonga Abyssal Knight)  Turns: 598, Time: 00:00:55

Health: 0/25       AC:  4    Str: 16    XL:     2   Next: 62%
Magic:  3/3        EV:  9    Int: 10    God:    Lugonu [**....]
Gold:   50         SH:  0    Dex: 10    Spells: 1/1 levels left

rFire   . . .      SeeInvis +   a - +1 hand axe
rCold   . . .      Faith    .   (no shield)
rNeg    . . .      Spirit   .   b - +0 leather armour
rPois   .          Reflect  .   (no helmet)
rElec   .          Harm     .   (no cloak)
rCorr   .          Rampage  .   (no gloves)
Will    .....                   (no barding)
Stlth   +.........              (no amulet)
HPRegen 0.08/turn               (no ring)
MPRegen 0.08/turn               (no ring)

@: lethally poisoned (0 -> -11), hasted, very quick
A: large, rugged brown scales 3, see invisible, deformed body, roll 1, armoured
tail
a: Rolling Charge, Renounce Religion, Depart the Abyss, Bend Space


You were on level 1 of the Dungeon.
You worshipped Lugonu.
Lugonu was pleased with you.
You visited 1 branch of the dungeon, and saw 1 of its levels.
You visited the Abyss 1 time.

You collected 50 gold pieces.

Inventory:

Hand Weapons
 a - a +1 hand axe (weapon)
Armour
 b - a +0 leather armour (worn)
Jewellery
 d - a ring of protection from fire
Scrolls
 c - a scroll of teleportation {unknown}
 f - a scroll of noise {unknown}
 g - 3 scrolls of brand weapon {unknown}
 h - a scroll of torment {unknown}
 i - a scroll of identify {unknown}
Potions
 j - a potion of heal wounds {unknown}


   Skills:
 * Level 3.4 Fighting
 * Level 2.5 Axes
 - Level 1.5 Armour
 - Level 0.7 Dodging
 + Level 2.3 Invocations


You had one spell level left.
You didn't know any spells.
Your spell library was empty.

Dungeon Overview and Level Annotations

Branches:
Dungeon (1/15)

Altars:


Innate Abilities, Weirdness & Mutations

You are completely covered in rugged brown scales. (AC +3, +7% HP)
You have supernaturally acute eyesight. (SInv)
Armour fits poorly on your strangely shaped body.
You can roll at nearby foes to attack.
You have a long armoured tail.


Message History

Lugonu accepts your kill.
You see here a hobgoblin corpse.
Found a stone staircase leading down.
You see here a hobgoblin corpse.
There is a stone staircase leading down here.
A goblin comes into view. It is wielding a +2 dagger of venom.
A goblin is nearby!
A goblin is nearby!
A goblin is nearby!
Found a hand axe.
You roll forward with a clatter of scales!
You barely miss the goblin.
Your tail-slap misses the goblin.
The goblin closely misses you.
You closely miss the goblin.
The goblin hits you with a +2 dagger of venom.
You are poisoned.
You barely miss the goblin.
You feel very sick. The goblin hits you but does no damage.
You are more poisoned.
You hit the goblin but do no damage.
You feel very sick.
The goblin hits you with a +2 dagger of venom.
You are more poisoned.
There is a lethal amount of poison in your body!
There is a lethal amount of poison in your body!
You hit the goblin but do no damage. You punch the goblin, but do no damage.
You feel very sick. The goblin hits you but does no damage.
The goblin closely misses you.
You hit the goblin.
You kill the goblin!
Lugonu accepts your kill.
* * * LOW HITPOINT WARNING * * *
You feel very sick.
* * * LOW HITPOINT WARNING * * *
You feel sick.
You see here a +2 dagger of venom.
There is a lethal amount of poison in your body!
It was a potion of haste.
You feel yourself speed up.
You die...

#...#.........###..÷..≈#####
#.....##.###### #.....≈#
#..##.##.# #.#...≈#
....(.##.# #.....≈#
...#####.# ####.##≈# ####
#.# #..... .# ...# ...
##.##.# .# ##.# ..≈ #...#.#
.# ##.# #.@...# .#.# #...###
.#.# ##.#####.# .#.###
#..)....# .....# #.#######
.###.# #.# ...#.#########
#.# .#.......>...# #.#
.#.#.#######.# #.#


There were no monsters in sight!

Vanquished Creatures
  3 ball pythons (D:1)
  A bat (D:1)
  A giant cockroach (D:1)
  2 goblins (D:1)
  3 hobgoblins (D:1)
  2 jackals (D:1)
  A quokka (D:1)
  3 kobolds (D:1)
  A rat (D:1)
17 creatures vanquished.

Notes
Turn   | Place    | Note
-------+----------+-------------------------------------------
     0 | Abyss:1  | oldriver the Palentonga Abyssal Knight began the quest for
                  | the Orb.
     0 | Abyss:1  | Reached XP level 1. HP: 19/19 MP: 2/2
     7 | D:1      | Escaped the Abyss
    10 | D:1      | Noticed a naga
    10 | D:1      | Noticed a dwarf
    12 | D:1      | Noticed a draconian
    12 | D:1      | Noticed a merfolk
    14 | D:1      | Noticed a formicid
    16 | D:1      | Noticed a demonspawn
    16 | D:1      | Noticed an octopode
    20 | D:1      | Noticed a tengu
    20 | D:1      | Noticed a human
    22 | D:1      | Noticed a felid
    22 | D:1      | Noticed an ogre
    24 | D:1      | Noticed a minotaur
    26 | D:1      | Noticed an elf
    26 | D:1      | Noticed a spriggan
    29 | D:1      | Noticed a troll
    29 | D:1      | Noticed a gargoyle
    31 | D:1      | Noticed a demigod
    33 | D:1      | Noticed a ghoul
    33 | D:1      | Noticed a vampire
    35 | D:1      | Noticed a vine stalker
   162 | D:1      | Reached XP level 2. HP: 19/25 MP: 3/3
   598 | D:1      | Succumbed to a goblin's poison

Illustrated notes

Levels and vault maps discovered:
D:1:      kb_arrival_jail, layout_loops_cross,
          shapermc_ecumenical_altar_hornbeckon, serial_rivers,
          chequers_serial_rivers_micro_e, chequers_serial_rivers_micro_a,
          chequers_serial_rivers_micro_e, chequers_serial_rivers_large_a,
          chequers_serial_rivers_small_b, chequers_serial_rivers_micro_b,
          kennysheep_doodads, minmay_tree_intersection

Action                   || total
-------------------------++-------
Melee: Hand axe          ||    52
       Tailslap          ||     5
       Punch             ||     1
 Abil: Rolling Charge    ||     8
  Use: Potion            ||     1
Armor: Leather armour    ||    17
Dodge: Dodged            ||    28

Table legend: (Time is in decaauts)
 A = Elapsed time spent in this place.
 B = Non-inter-level travel time spent in this place.
 C = Inter-level travel time spent in this place.
 D = Time resting spent in this place.
 E = Time spent auto-exploring this place.
 F = Levels seen in this place.
 G = Mean time per level.
                   A        B        C        D        E       F      G
               +--------+--------+--------+--------+--------+-----+--------+
         Total |    610 |    610 |      0 |      0 |    474 |   2 |  305.0 |
       Dungeon |    603 |    603 |      0 |      0 |    474 |   1 |  603.0 |
         Abyss |      7 |      7 |      0 |      0 |      0 |   1 |    7.0 |
               +--------+--------+--------+--------+--------+-----+--------+

Top non-repeatable levels by time:
     D:1: 603 daAuts
 Abyss:1: 7 daAuts
